AoeStats
← Chaos

Arena

509742774Analyzed
3v3 RM · 4d ago on Sep 27, 2026· 34m 27s· 6 players
Game mode
Random Map
Map size
Normal (6 player)
Population
200
Speed
Normal
Resources
Standard
Victory
Conquest
Starting age
Dark Age
Ending age
Imperial Age
RankedLock teamsTeams togetherTeam positionsShared explorationLock speedFull tech treeHidden civsTurbo modeCheats
Victory
Defeat
🇮🇹 Varangians · Italy
2178
+4
🇵🇱 Danes · Poland
2137
+5
🇵🇱 Saxons · Poland
1833
+14
🇪🇨 Muisca · Ecuador
1825
-8
🇧🇪 Danes · Belgium
1825
-7
🇹🇷 Varangians · Türkiye
1819
-8
Chaos
10:29 Feudal Age
14:03 Castle Age
12:07 Double-Bit Axe
12:41 Horse Collar
17:43 Loom
21:24 Wheelbarrow
21:42 Bow Saw
22:45 Loom
22:57 Gold Mining
27:05 Imperial Age
25:15 Hand Cart
25:07 Stone Mining
25:47 Loom
25:57 Town Watch
27:07 Onager
28:50 Chemistry
28:14 Siege Engineers
29:33 Siege Onager
30:56 Fletching
32:32 Scale Mail Armor
32:43 Forging
32:34 Bodkin Arrow
33:25 Murder Holes
Kukuro
10:24 Feudal Age
14:32 Castle Age
12:59 Double-Bit Axe
13:22 Horse Collar
19:03 Light Cavalry
19:56 Bloodlines
21:48 Bow Saw
22:54 Wheelbarrow
22:21 Light Cavalry
23:02 Light Cavalry
24:39 Hand Cart
28:24 Imperial Age
26:04 Gold Mining
26:05 Stone Mining
25:50 Light Cavalry
27:47 Scale Barding Armor
27:59 Forging
28:12 Husbandry
29:14 Stone Shaft Mining
28:40 Heavy Plow
29:02 Chain Barding Armor
31:03 Plate Barding Armor
30:59 Conscription
31:26 Iron Casting
30:39 Loom
30:35 Elite Jarl
32:17 Iron Casting
32:51 Conscription
Eärnur
10:19 Feudal Age
14:00 Castle Age
11:54 Loom
12:16 Double-Bit Axe
13:51 Gold Mining
15:14 Bow Saw
17:18 Sanctity
18:56 Redemption
21:40 Horse Collar
24:17 Heavy Plow
25:38 Stone Mining
29:08 Wheelbarrow
30:25 Wheelbarrow
33:52 Imperial Age
30:49 Champi Runner
32:35 Squires
33:14 Champi Warrior
34:39 Scale Mail Armor
OS+ | VoNDutcH
11:21 Feudal Age
12:15 Double-Bit Axe
12:11 Horse Collar
15:16 Castle Age
16:22 Bow Saw
18:48 Loom
22:15 Wheelbarrow
22:24 Heavy Plow
22:43 Gold Mining
23:41 Hand Cart
25:53 Devotion
28:37 Imperial Age
26:29 Husbandry
26:39 Bloodlines
26:56 Forging
26:29 Treadmill Crane
27:25 Bloodlines
28:30 Town Watch
28:31 Loom
29:12 Scale Barding Armor
29:44 Iron Casting
29:05 Stone Mining
28:53 Elite Jarl
29:55 Conscription
30:42 Chain Barding Armor
31:49 Two-Man Saw
31:20 Crop Rotation
31:22 Town Patrol
32:11 Stone Shaft Mining
31:39 Squires
32:40 Blast Furnace
32:03 Ballistics
34:01 Plate Barding Armor
35:16 Chemistry
34:53 Fletching
OS+ | TheKroks
10:08 Feudal Age
10:50 Double-Bit Axe
13:39 Castle Age
11:50 Horse Collar
14:38 Bow Saw
16:53 Loom
21:13 Fletching
27:06 Wheelbarrow
30:23 Imperial Age
29:12 Scale Mail Armor
29:55 Forging
30:38 Heavy Plow
30:29 Gold Mining
30:16 Hamask
31:15 Stone Mining
32:39 Conscription
32:57 Chain Mail Armor
32:07 Elite Jomsviking
33:56 Hand Cart
35:03 Plate Mail Armor
34:29 Arson
34:44 Squires
ELEOS | wosm
10:16 Feudal Age
11:06 Double-Bit Axe
14:09 Castle Age
12:25 Horse Collar
15:09 Bow Saw
15:03 Heavy Plow
16:37 Loom
19:58 Wheelbarrow
21:50 Hand Cart
22:03 Gold Mining
22:03 Stone Mining
27:59 Imperial Age
25:52 Scale Mail Armor
26:02 Forging
25:38 Loom
26:28 Squires
27:23 Town Watch
28:07 Masonry
28:26 Elite Varangian Guard
29:37 Chain Mail Armor
30:25 Iron Casting
31:14 Plate Mail Armor
32:17 Arson
32:39 Shield Wall
Connection lost

Rejoining the realm…

Still unreachable

The connection could not be restored.

Session expired

The server has moved on; the page needs a fresh start.